 Dungeon Crawl Stone Soup version 0.29-a0-472-ge5599a681e (webtiles) character file.

Game seed: 4694242526513771091

445 lesaewzxc the Stinger (level 6, -2/52 HPs)
             Began as a Draconian Venom Mage on May 21, 2022.
             Was an Initiate of Hepliaklqana.
             Killed from afar by Dowan (16 damage)
             ... with a shard of ice
             ... on level 4 of the Dungeon on May 22, 2022.
             The game lasted 00:29:44 (4133 turns).

lesaewzxc the Stinger (Draconian Venom Mage)        Turns: 4133, Time: 00:29:44

Health: -2/52      AC:  6    Str: 10    XL:     6   Next: 72%
Magic:  10/10      EV: 11    Int: 15    God:    Hepliaklqana [......]
Gold:   144        SH:  9    Dex: 14    Spells: 10/11 levels left

rFire   . . .      SeeInvis +   f - +1 short sword (venom)
rCold   . . .      Faith    .   b - +1 kite shield
rNeg    . . .      Spirit   .   (body armour unavailable)
rPois   .          Reflect  .   (helmet restricted)
rElec   .          Harm     .   (no cloak)
rCorr   .          Rampage  .   (no gloves)
Will    .....      Clarity  +   (no boots)
Stlth   ++........              d - amulet of magic regeneration
HPRegen 0.17/turn               c - ring of see invisible
MPRegen 0.52/turn               (no ring)

@: no status effects
A: AC +6, unfitting armour, cold-blooded, clarity, robust 1
a: Renounce Religion


You were on level 4 of the Dungeon.
You worshipped Hepliaklqana.
Hepliaklqana was noncommittal.
You visited 2 branches of the dungeon, and saw 5 of its levels.

You collected 144 gold pieces.

Inventory:

Hand Weapons
 f - a +1 short sword of venom (weapon)
Armour
 b - a +1 kite shield (worn)
Jewellery
 c - a ring of see invisible (left hand)
 d - an amulet of magic regeneration (around neck)
Scrolls
 e - a scroll of poison {unknown}
 g - a scroll of magic mapping
 j - 2 scrolls of identify
Potions
 a - a potion of magic
 i - a potion of attraction


   Skills:
 + Level 2.0 Fighting
 + Level 1.6 Short Blades
 + Level 2.7 Dodging
 - Level 2.5 Stealth
 * Level 3.0 Shields
 * Level 3.0 Spellcasting
 + Level 1.0 Conjurations
 + Level 2.1 Transmutations
 + Level 1.0 Air Magic
 + Level 3.7 Poison Magic


You had 10 spell levels left.
You knew the following spells:

 Your Spells              Type           Power      Damage    Failure   Level
a - Sting                 Tmut/Pois      44%        1d5       19%         1

Your spell library contained the following spells:

 Spells                   Type           Power      Damage    Failure   Level
 Poisonous Vapours        Pois/Air       18%        N/A       34%         2
 Shock                    Conj/Air       20%        1d4       38%         1
 Mephitic Cloud           Conj/Pois/Air  8%         N/A       63%         3
 Swiftness                Air            5%         N/A       77%         3
 Olgreb's Toxic Radiance  Pois           13%        N/A       80%         4
 Airstrike                Air            2%         N/A       99%         4


Dungeon Overview and Level Annotations

Branches:
Dungeon (4/15)             Temple (1/1) D:4

Altars:
Dithmenos
Elyvilon
Gozag
Hepliaklqana
Kikubaaqudgha
Makhleb
Nemelex Xobeh
Qazlal
Sif Muna
Uskayaw
Xom
Yredelemnul
Zin
The Shining One

Annotations:
D:4 Dowan


Innate Abilities, Weirdness & Mutations

Your plain brown scales are hard. (AC +6)
You cannot fit into any form of body armour.
You are cold-blooded and may be slowed by cold attacks.
You possess an exceptional clarity of mind.
You are robust. (+10% HP)


Message History

Your Fighting skill increases to level 2!
Your Shields skill increases to level 3!
Your Spellcasting skill increases to level 3!
Your Conjurations skill increases to level 1!
Your Air Magic skill increases to level 1!
Aiming: Sting (safe; 19% risk of failure)
Press: ? - help, Q - select action Shift-Dir - straight line, f - Dowan
Aim: Dowan, wielding a +0 dagger and wearing a +0 robe (lightly wounded, fast, 60% to hit)
The sting hits Dowan.
Dowan is poisoned.
Dowan is moderately wounded.
Dowan hits you with a +0 dagger.
Dowan mumbles some strange words.
Dowan blinks!
Aiming: Sting (safe; 19% risk of failure)
Press: ? - help, Q - select action Shift-Dir - straight line, f/p - Dowan
Aim: Dowan, wielding a +0 dagger and wearing a +0 robe (moderately wounded, fast, poisoned, 60% to hit)
The sting hits Dowan.
Dowan looks even sicker.
Dowan is heavily wounded.
Aiming: Sting (safe; 19% risk of failure)
Press: ? - help, Q - select action Shift-Dir - straight line, f/p - Dowan
Aim: Dowan, wielding a +0 dagger and wearing a +0 robe (heavily wounded, fast, very poisoned, 60% to hit)
The sting hits Dowan.
Dowan looks even sicker.
Dowan is heavily wounded.
Dowan breathes, "And she was my only..."
Dowan closely misses you. Dowan gestures at you while chanting.
The shard of ice hits you!
You closely miss Dowan.
Dowan is heavily wounded.
Dowan gestures at you while chanting. The shard of ice hits you!
* * * LOW HITPOINT WARNING * * *
Dowan casts a spell at you. You block the stone arrow.
You hit Dowan.
Your tail-slap misses Dowan.
Dowan is heavily wounded.
You block Dowan's attack.
Dowan points at you and mumbles some strange words.
The shard of ice hits you!
You die...

..........#.................#
..........+.......§§........#
...##....##.......§§..#...###
...##....#..........§.#...#
.........#................#
.........#.......#...#....#
.........#.......#...#....#
.........#.<.....#...#....#
.........#.....e@#...#....#
...##....#.......#...#....#
...##....#..>....#...#....#
...####+##.......###.####.#
...# ......... #'####.###
...# <........ #........#
...# ......... #........#
..........#........#
#+####+###


You could see Dowan (fast, very poisoned).

Vanquished Creatures
  Duvessa (D:4)
  A black bear (D:4)
  A necrophage (D:4)
  2 orc wizards (D:3)
  3 adders (D:2)
  3 gnolls (D:2)
  2 worms
  A dart slug (D:1)
  7 orcs (D:3)
  6 ball pythons
  4 endoplasms (D:1)
  7 goblins
  16 hobgoblins
  6 jackals (D:4)
  6 bats
  2 frilled lizards
  7 kobolds
  10 rats
85 creatures vanquished.

Notes
Turn   | Place    | Note
-------+----------+-------------------------------------------
     0 | D:1      | lesaewzxc the Draconian Venom Mage began the quest for the
                  | Orb.
     0 | D:1      | Reached XP level 1. HP: 14/14 MP: 3/3
   162 | D:1      | Reached XP level 2. HP: 20/20 MP: 5/5
   315 | D:1      | Reached skill level 1 in Shields
   496 | D:1      | Gained mutation: Your spells are a little harder to cast,
                  | but a little more powerful. [potion of mutation]
   496 | D:1      | Gained mutation: You are resistant to electric shocks.
                  | (rElec) [potion of mutation]
   520 | D:1      | Lost mutation: Your spells are a little harder to cast, but
                  | a little more powerful. [potion of mutation]
   520 | D:1      | Lost mutation: You are resistant to electric shocks.
                  | (rElec) [potion of mutation]
   520 | D:1      | Gained mutation: You possess an exceptional clarity of
                  | mind. [potion of mutation]
   520 | D:1      | Gained mutation: You are robust. (+10% HP) [potion of
                  | mutation]
   793 | D:1      | Reached XP level 3. HP: 26/29 MP: 2/6
  1200 | D:2      | Upgraded the game from 0.29-a0-468-ge57f7f99b4 to
                  | 0.29-a0-472-ge5599a681e
  1508 | D:2      | Reached skill level 1 in Fighting
  1750 | D:2      | Reached XP level 4. HP: 38/38 MP: 7/7
  2531 | D:3      | Reached XP level 5. HP: 39/44 MP: 6/8
  2667 | D:3      | Reached skill level 1 in Short Blades
  2715 | D:3      | Found a faded altar of an unknown god.
  3267 | D:4      | Found a sparkling altar of Nemelex Xobeh.
  3300 | D:4      | Noticed a black bear
  3348 | D:4      | Killed a black bear
  3349 | D:4      | Reached XP level 6. HP: 26/52 MP: 10/10
  3533 | D:4      | Found a staircase to the Ecumenical Temple.
  3549 | Temple   | Entered the Ecumenical Temple
  3701 | Temple   | Became a worshipper of Hepliaklqana the Forgotten
  4107 | D:4      | Noticed Duvessa
  4108 | D:4      | Noticed Dowan
  4128 | D:4      | Killed Duvessa
  4129 | D:4      | Reached skill level 1 in Conjurations
  4129 | D:4      | Reached skill level 1 in Air Magic
  4133 | D:4      | Killed from afar by Dowan

Illustrated notes

Levels and vault maps discovered:
D:1:      dpeg_arrival_refuge, layout_loops_corners,
          chequers_serial_rivers_micro_a
D:2:      layout_basic
D:3:      layout_loops_ring, ebering_ecumenical_altar_rust
D:4:      layout_gridville, mainiacjoe_overflow_small_starburst,
          minmay_temple_entry_purple_smoke, feat_on_display, uniq_duvessa
Temple:   dshaligram_water_room_temple

Skill      XL: |  1  2  3  4  5  6 |
---------------+-------------------+-----
Shields        | 1 2 3 |  3.0
Dodging        | 2 |  2.7
Stealth        | 2 |  2.5
Fighting       | 1 2 |  2.0
Short Blades   | 1 |  1.6
Transmutations | 2 |  2.1
Spellcasting   | 3 |  3.0
Conjurations   | 1 |  1.0
Air Magic      | 1 |  1.0
Poison Magic   | |  3.7

Action                   |  1- 3 |  4- 6 || total
-------------------------+-------+-------++-------
Melee: Unarmed           |    20 |       ||    20
       Tailslap          |     5 |     8 ||    13
       Short sword       |    14 |    79 ||    93
 Cast: Sting             |    67 |    66 ||   133
  Use: Scroll            |     6 |     3 ||     9
       Potion            |     5 |     7 ||    12
 Stab: Sleeping          |       |     3 ||     3
Armor: Skin              |    30 |    21 ||    51
Dodge: Dodged            |    53 |    35 ||    88
Block: Kite shield       |    30 |    63 ||    93

Table legend: (Time is in decaauts)
 A = Elapsed time spent in this place.
 B = Non-inter-level travel time spent in this place.
 C = Inter-level travel time spent in this place.
 D = Time resting spent in this place.
 E = Time spent auto-exploring this place.
 F = Levels seen in this place.
 G = Mean time per level.
                   A        B        C        D        E       F      G
               +--------+--------+--------+--------+--------+-----+--------+
         Total |   4159 |   4087 |     72 |      0 |   1256 |   5 |  831.8 |
       Dungeon |   3976 |   3904 |     72 |      0 |   1256 |   4 |  994.0 |
        Temple |    182 |    182 |      0 |      0 |      0 |   1 |  182.0 |
               +--------+--------+--------+--------+--------+-----+--------+

Top non-repeatable levels by time:
     D:2: 1358 daAuts
     D:1: 1162 daAuts
     D:3: 741 daAuts
     D:4: 714 daAuts
  Temple: 182 daAuts
